 Dungeon Crawl Stone Soup version 0.24-a0-335-g06ca16a (webtiles) character file.

Game seed: 11537174169602351574

49 Borgoz the Slasher (level 3, -11/30 HPs)
             Began as a Hill Orc Gladiator on May 19, 2019.
             Mangled by an ice beast (14 damage)
             ... on level 2 of the Dungeon.
             The game lasted 00:01:02 (824 turns).

Borgoz the Slasher (Hill Orc Gladiator)              Turns: 824, Time: 00:01:02

Health: -11/30     AC:  6    Str: 16    XL:     3   Next: 75%
Magic:  3/3        EV: 12    Int:  8    God:
Gold:   48         SH:  0    Dex: 13    Spells: 2/2 levels left

rFire    . . .     SeeInvis .   a - +0 long sword
rCold    . . .     Gourm    .   (no shield)
rNeg     . . .     Faith    .   k - +0 ring mail
rPois    .         Spirit   .   c - +0 helmet
rElec    .         Reflect  .   (no cloak)
rCorr    .         Harm     .   (no gloves)
MR       .....                  (no boots)
Stlth    +.........             (no amulet)
HPRegen  0.10/turn              (no ring)
MPRegen  0.08/turn              (no ring)

@: no status effects
A: no striking features
a: no special abilities


You were on level 2 of the Dungeon.
You were not hungry.

You visited 1 branch of the dungeon, and saw 2 of its levels.

You collected 48 gold pieces.

Inventory:

Hand Weapons
 a - a +0 long sword (weapon)
Missiles
 d - 2 throwing nets (quivered)
Armour
 c - a +0 helmet (worn)
 k - a +0 ring mail (worn)
Scrolls
 b - a scroll of enchant armour {unknown}
 e - 3 scrolls of teleportation {unknown}
 h - 2 scrolls of fear {unknown}
 j - a scroll of remove curse {unknown}
Potions
 i - a potion of curing {unknown}
Comestibles
 f - 3 rations


   Skills:
 + Level 2.9 Fighting
 * Level 4.0 Long Blades
 - Level 1.7 Throwing
 + Level 1.1 Armour
 * Level 2.9 Dodging


You had 2 spell levels left.
You didn't know any spells.
Your spell library was empty.

Dungeon Overview and Level Annotations

Branches:
Dungeon (2/15)

Altars:


Message History

The ice beast is lightly wounded.
The ice beast misses you.
You closely miss the ice beast.
The ice beast is lightly wounded.
The ice beast barely misses you.
The ice beast hits you but does no damage.
You hit the ice beast but do no damage.
The ice beast is lightly wounded.
The ice beast hits you. The ice beast freezes you!
* * * LOW HITPOINT WARNING * * *
You are too injured to fight recklessly!
Throwing (i - inventory)
d - 3 throwing nets (quivered)
Press: ? - help, Shift-Dir - straight line, f - ice beast
Aim: an ice beast (lightly wounded)
You throw a throwing net.
The throwing net barely misses the ice beast.
The ice beast hits you.
* * * LOW HITPOINT WARNING * * *
The ice beast freezes you!
You die...

.. #. #)
#. #.## #
.(###.#
###Y#...#
#..@..#
#..#.###
#. #.## ..
#..#
..#####.#
.#....>#.#
#...######
###......#
#
#.####..#


You could see an ice beast.

Vanquished Creatures
  An adder (D:2)
  A dart slug (D:1)
  2 leopard geckos (D:1)
  5 bats (D:1)
  2 giant cockroaches (D:1)
  3 goblins (D:1)
  4 hobgoblins (D:1)
  2 jackals (D:1)
  A ball python (D:2)
  A frilled lizard (D:1)
  6 kobolds (D:1)
  6 rats (D:1)
34 creatures vanquished.

Notes
Turn   | Place    | Note
-------+----------+-------------------------------------------
     0 | D:1      | Borgoz the Hill Orc Gladiator began the quest for the Orb.
     0 | D:1      | Reached XP level 1. HP: 18/18 MP: 1/1
    25 | D:1      | Reached XP level 2. HP: 21/25 MP: 2/2
   256 | D:1      | Reached XP level 3. HP: 27/30 MP: 3/3
   317 | D:1      | Reached skill level 1 in Armour
   648 | D:2      | Reached skill level 4 in Long Blades
   815 | D:2      | Noticed an ice beast
   824 | D:2      | Mangled by an ice beast

Levels and vault maps discovered:
D:1:      ncdulo_wetmaze, layout_rooms, kennysheep_minor_cross,
          hex_intersection, roderic_roman_lattice, minmay_crystal_room,
          minmay_pentomino_p4
D:2:      layout_rooms, chequers_ecumenical_altar_simple, serial_curves,
          eino_curves_03, eino_curves_03, eino_curves_03,
          uniq_crazy_yiuf_cottage

Skill      XL: |  1  2  3 |
---------------+----------+-----
Armour         | 1 |  1.1
Long Blades    | 4 |  4.0
Fighting       | |  2.9
Throwing       | |  1.7
Dodging        | |  2.9

Action                   || total
-------------------------++-------
Melee: Long sword        ||    83
Throw: Throwing net      ||     1
Armor: Leather armour    ||    15
       Ring mail         ||     7
Dodge: Dodged            ||    49
       Rpst.: Long sword ||    12

Table legend:
 A = Non-vault XP
 B = Vault XP
 C = Vault XP percentage of total XP
 D = Non-vault monster count
 E = Vault monster count
 F = Vault count percentage of total count
                 A         B        C        D         E       F
            +---------+---------+-------+---------+---------+-------
      Total |      63 |       7 |  10.0 |      31 |       3 |   8.8
            +---------+---------+-------+---------+---------+-------
        D:1 |      48 |       7 |  12.7 |      29 |       3 |   9.4
        D:2 |      15 |       0 |   0.0 |       2 |       0 |   0.0
            +---------+---------+-------+---------+---------+-------
